 Dungeon Crawl Stone Soup version 0.28.0-53-g5a82cb258f (webtiles) character file.

Game seed: 13212307735072042428

89 Eitelfritz the Chopper (level 4, -6/40 HPs)
             Began as a Hill Orc Fighter on July 15, 2022.
             Killed by divine providence
             ... invoked by an orc priest
              (13 damage)
             ... on level 3 of the Dungeon.
             The game lasted 00:02:57 (1643 turns).

Eitelfritz the Chopper (Hill Orc Fighter)           Turns: 1643, Time: 00:02:58

Health: -6/40      AC: 10    Str: 20    XL:     4   Next: 55%
Magic:  4/4        EV:  7    Int:  8    God:
Gold:   123        SH:  4    Dex: 10    Spells: 3/3 levels left

rFire   . . .      SeeInvis .   a - +0 war axe
rCold   . . .      Faith    .   c - +0 buckler
rNeg    . . .      Spirit   .   n - +0 chain mail
rPois   .          Reflect  .   (no helmet)
rElec   .          Harm     .   (no cloak)
rCorr   .          Rampage  .   (no gloves)
Will    .....                   k - +0 pair of boots
Stlth   ..........              (no amulet)
HPRegen 0.13/turn               (no ring)
MPRegen 0.09/turn               (no ring)

@: no status effects
A: no striking features
a: Convert to Beogh


You were on level 3 of the Dungeon.
You visited 1 branch of the dungeon, and saw 3 of its levels.

You collected 123 gold pieces.

Inventory:

Hand Weapons
 a - a +0 war axe (weapon)
Missiles
 j - 5 boomerangs (quivered)
Armour
 c - a +0 buckler (worn)
 k - a +0 pair of boots (worn)
 n - a +0 chain mail (worn)
Jewellery
 p - a ring of resist corrosion
Scrolls
 e - a scroll of acquirement {unknown}
 g - a scroll of amnesia {unknown}
 h - 2 scrolls of teleportation {unknown}
 i - 3 scrolls of blinking {unknown}
 l - 4 scrolls of identify {unknown}
 m - a scroll of enchant weapon {unknown}
Potions
 b - a potion of attraction {unknown}
 d - a potion of might
 f - a potion of cancellation {unknown}
 o - a potion of flight {unknown}
 q - a potion of ambrosia {unknown}
 r - a potion of haste {unknown}


   Skills:
 + Level 4.2 Fighting
 + Level 4.3 Axes
 + Level 3.9 Armour
 + Level 0.3 Dodging
 + Level 3.8 Shields


You had 3 spell levels left.
You didn't know any spells.
Your spell library was empty.

Dungeon Overview and Level Annotations

Branches:
Dungeon (3/15)

Altars:
Hepliaklqana


Message History

You hit the iguana.
The iguana is almost dead.
The iguana barely misses you. The iguana closely misses you.
You slash the iguana!
You kill the iguana!
Your Axes skill increases to level 4!
You see here an iguana corpse.
An endoplasm comes into view.
The endoplasm quivers.
An endoplasm is nearby!
An orc priest comes into view. It is wielding a +0 hand axe.
The orc priest shouts, "Surrender to Beogh and we'll let you live!" (press Y on the ability menu to convert to Beogh)
The orc priest mumbles some strange prayers to Beogh against you.
Beogh smites you!
You hear a shout!
You hear a shout!
The orc priest shouts, "Join the one true god or die!"
An orc and an orc wizard come into view.
The orc shouts!
The orc wizard shouts!
The endoplasm freezes you.
You are frozen.
An orc comes into view. It is wielding a +0 whip.
The endoplasm freezes you.
You are frozen.
The orc wizard casts a spell.
The orc wizard flickers and vanishes!
Deactivating autopickup; reactivate with Ctrl-A.
You barely miss the orc priest. You slash the endoplasm!
You kill the endoplasm!
The orc priest mumbles some strange prayers to Beogh against you.
Pain shoots through your body!
* * * LOW HITPOINT WARNING * * *
You closely miss the orc priest.
The orc priest hits you with a +0 hand axe.
* * * LOW HITPOINT WARNING * * *
You barely miss the orc priest.
The orc priest calls down the wrath of Beogh upon you.
Beogh smites you!
You die...

#...............#
#
#.######.########
# #.# #.#....# #
#.######.#.##.# #
#
#.......†.....#.#
#
########.#.#....#
#
######.#....###..
#
..o...............
#
o##.#o@....####..
# #.#.####.....
##### # #..
..##... ..... #.#
#.# .. ..... ..
... . ##### #. .#
#### .. #... ..
#... #...


You could see an orc priest and an orc.

Vanquished Creatures
  An iguana (D:3)
  An adder (D:2)
  3 dart slugs
  4 bats
  4 endoplasms
  A giant cockroach (D:1)
  4 goblins
  10 hobgoblins
  2 jackals (D:2)
  3 ball pythons
  2 frilled lizards (D:3)
  6 kobolds
  7 rats
48 creatures vanquished.

Notes
Turn   | Place    | Note
-------+----------+-------------------------------------------
     0 | D:1      | Eitelfritz the Hill Orc Fighter began the quest for the
                  | Orb.
     0 | D:1      | Reached XP level 1. HP: 19/19 MP: 1/1
    99 | D:1      | Reached XP level 2. HP: 27/27 MP: 2/2
   606 | D:2      | Reached XP level 3. HP: 23/33 MP: 3/3
  1253 | D:3      | Found a hazy altar of Hepliaklqana.
  1437 | D:3      | Reached XP level 4. HP: 40/40 MP: 4/4
  1643 | D:3      | Killed from afar by an orc priest

Illustrated notes

Levels and vault maps discovered:
D:1:      psy_arrival_basics, layout_rooms, ebering_dispersal_statue_hall,
          chequers_avenue
D:2:      layout_basic
D:3:      layout_basic, mainiacjoe_overflow_six_doors_small,
          minmay_misc_feat_secret_circle, minmay_fractal_squares_diagonal_5

Skill      XL: |  1  2  3  4 |
---------------+-------------+-----
Fighting       | 4 |  4.2
Axes           | 3 4 |  4.3
Armour         | |  3.9
Dodging        | |  0.3
Shields        | |  3.8

Action                   |  1- 3 |  4- 6 || total
-------------------------+-------+-------++-------
Melee: War axe           |   106 |    14 ||   120
Armor: Scale mail        |    30 |       ||    30
       Chain mail        |    35 |    11 ||    46
Dodge: Dodged            |    61 |     5 ||    66
Block: Buckler           |    20 |     1 ||    21
